 Dungeon Sprint DCSS version 0.19.4-9-g45fd643 (webtiles) character file.

219 equalderp2856 the Shield-Bearer (level 6, -2/55 HPs)
             Began as a Formicid Fighter on Feb 18, 2017.
             Slain by a troll (6 damage)
             ... in the Dungeon (Sprint IX: "|||||||||||||||||||||||||||||").
             The game lasted 00:01:07 (223 turns).

equalderp2856 the Shield-Bearer (Formicid Fighter)   Turns: 223, Time: 00:01:08

Health: -2/55      AC:  7    Str: 21    XL:     6   Next: 17%
Magic:  6/6        EV: 10    Int:  8    God:
Gold:   0          SH: 11    Dex: 11    Spells: 0 memorised, 5 levels left

rFire  . . .     SeeInvis +     a - +0 war axe
rCold  . . .     Gourm    .     b - +0 scale mail
rNeg   . . .     Faith    .     c - +0 shield
rPois  .         Spirit   .     (helmet unavailable)
rElec  .         Reflect  .     (no cloak)
rCorr  .         Harm     .     (no gloves)
MR     .....                    (no boots)
Stlth  ..........               (no amulet)
                                (no ring)
                                (no ring)

@: no status effects
A: permanent stasis, dig shafts and tunnels, four strong arms, antennae 3
a: Dig


You were in the Dungeon.
You were not hungry.

You visited 1 branch

Inventory:

Hand Weapons
 a - a +0 war axe (weapon)
Armour
 b - a +0 scale mail (worn)
 c - a +0 shield (worn)
Jewellery
 p - a +3 ring of dexterity
 q - a +3 ring of dexterity
Wands
 o - a wand of iceblast (7/15)
Scrolls
 k - 2 scrolls of blinking
 m - 3 scrolls of remove curse
 n - 2 scrolls of amnesia
Potions
 d - a potion of might
 e - 2 potions of curing
 h - a potion of haste
 i - 4 potions of magic
 j - a potion of berserk rage
 l - a potion of invisibility
Comestibles
 f - a bread ration


   Skills:
 + Level 7.2 Fighting
 + Level 6.0 Axes
 + Level 7.0 Armour
 + Level 1.3 Dodging
 + Level 7.8 Shields


You had 5 spell levels left.
You didn't know any spells.

Dungeon Overview and Level Annotations

Branches:
Dungeon (1/1)

Altars:
Cheibriados
Dithmenos
Elyvilon
Fedhas
Gozag
Hepliaklqana
Kikubaaqudgha
Makhleb
Nemelex Xobeh
Okawaru
Qazlal
Ru
Sif Muna
Trog
Uskayaw
Vehumet
Xom
Yredelemnul
Zin
The Shining One
Beogh
Jiyva
Lugonu


Innate Abilities, Weirdness & Mutations

You are under a permanent stasis effect.
You can dig through walls and to a lower floor.
Your four strong arms can wield two-handed weapons with a shield.
You have a pair of large antennae on your head. (SInv)


Message History

The troll misses you. The troll claws you.
* * * LOW HITPOINT WARNING * * *
You feel better. You block the troll's attack. The troll claws you!
* * * LOW HITPOINT WARNING * * *
The troll claws you.
* * * LOW HITPOINT WARNING * * *
You feel better. The troll bites you!
* * * LOW HITPOINT WARNING * * *
The troll claws you!
* * * LOW HITPOINT WARNING * * *
The troll claws you but does no damage.
You feel much better. The troll bites you! The troll claws you.
* * * LOW HITPOINT WARNING * * *
The troll closely misses you.
You hit the troll.
The troll is lightly wounded.
You hit the phantom. The phantom barely misses you. The troll bites you!
* * * LOW HITPOINT WARNING * * *
The troll claws you.
You die...

▓.▓
▓.▓
▓.▓
▓.▓
▓)▓
▓'▓
▓o▓
▓T▓
{
▓@▓
{
▓W▓
{
▓[▓
{
▓)▓
{
▓|▓
{
▓.▓
{
▓.▓
{
▓'▓
▓.▓
{


You could see a troll, a phantom and an orc.

Vanquished Creatures
  A centaur (D)
  A bullfrog (D)
  2 jellies (D)
  An adder (D)
  A dart slug (D)
  An orc (D)
  A goblin (D)
  2 hobgoblins (D)
  A quokka (D)
  A frilled lizard (D)
  A rat (D)
13 creatures vanquished.

Notes
Turn   | Place    | Note
-------+----------+-------------------------------------------
     0 | D        | equalderp2856 the Formicid Fighter began the quest for the Orb.
     0 | D        | Reached XP level 1. HP: 18/18 MP: 1/1
    17 | D        | Noticed a jelly
    19 | D        | Reached XP level 2. HP: 25/25 MP: 2/2
    31 | D        | Reached skill level 5 in Fighting
    31 | D        | Reached skill level 5 in Armour
    31 | D        | Reached skill level 5 in Shields
    31 | D        | Reached XP level 3. HP: 20/33 MP: 3/3
    31 | D        | Reached XP level 4. HP: 24/39 MP: 4/4
   147 | D        | Found a roughly hewn altar of Beogh.
   147 | D        | Found a snail-covered altar of Cheibriados.
   147 | D        | Found a shadowy altar of Dithmenos.
   147 | D        | Found a white marble altar of Elyvilon.
   147 | D        | Found a blossoming altar of Fedhas.
   147 | D        | Found an opulent altar of Gozag.
   148 | D        | Found a hazy altar of Hepliaklqana.
   149 | D        | Found a viscous altar of Jiyva.
   150 | D        | Found an ancient bone altar of Kikubaaqudgha.
   151 | D        | Found a corrupted altar of Lugonu.
   152 | D        | Found a burning altar of Makhleb.
   153 | D        | Found a sparkling altar of Nemelex Xobeh.
   154 | D        | Found an iron altar of Okawaru.
   155 | D        | Found a stormy altar of Qazlal.
   156 | D        | Found a sacrificial altar of Ru.
   157 | D        | Found a deep blue altar of Sif Muna.
   158 | D        | Found a bloodstained altar of Trog.
   159 | D        | Found a hide-covered altar of Uskayaw.
   160 | D        | Found a radiant altar of Vehumet.
   161 | D        | Found a shimmering altar of Xom.
   162 | D        | Found a basalt altar of Yredelemnul.
   163 | D        | Found a glowing silver altar of Zin.
   164 | D        | Found a glowing golden altar of the Shining One.
   189 | D        | Noticed a troll
   189 | D        | Noticed a bullfrog
   189 | D        | Noticed a phantom
   189 | D        | Noticed a centaur
   197 | D        | Killed a centaur
   197 | D        | Reached XP level 5. HP: 33/47 MP: 5/5
   203 | D        | Reached skill level 5 in Axes
   217 | D        | Killed a bullfrog
   217 | D        | Reached skill level 1 in Dodging
   217 | D        | Reached XP level 6. HP: 18/55 MP: 6/6
   223 | D        | Slain by a troll

Skill      XL: |  1  2  3  4  5 |
---------------+----------------+-----
Shields        | 4 5 7 |  7.8
Fighting       | 4 5 6 7 |  7.2
Armour         | 4 5 6 7 |  7.0
Axes           | 3 4 6 |  6.0
Dodging        | 1 |  1.3

Action                   |  1- 3 |  4- 6 || total
-------------------------+-------+-------++-------
Melee: War axe           |    20 |    28 ||    48
  Use: Potion            |       |     6 ||     6
Armor: Scale mail        |     5 |    13 ||    18
Dodge: Dodged            |     4 |    14 ||    18
Block: Shield            |     9 |    27 ||    36
